Map: Divergence LE

Players

DeeGee - Winner!

  • Race: Protoss Protoss
  • Spawn Location: 11:00

Hundo - Winner!

  • Race: Protoss Protoss
  • Spawn Location: 11:00

kryshor

  • Race: Protoss Protoss
  • League: Gold
  • Spawn Location: 5:00

ale

  • Race: Terran Terran
  • Spawn Location: 5:00

VOD

Have the link to the VOD?

Description

Time

  • Played on: March 21, 2020, 2:24 p.m.
  • Length: 8:24
Show
View Real Time Build Order
Export as new Build Order

DeeGee Protoss - Winner!

Build Orders:  

Get SALT Encoding   

  12  0:02  Probe  
  13  0:14  Probe  
  14  0:26  Probe  
  15  0:37  Pylon  
  15  0:47  Assimilator  
  15  0:55  Probe  
  16  1:03  Gateway  
  16  1:07  Probe  
  17  1:19  Probe  
  18  1:31  Probe  
  19  1:36  Nexus  
  19  1:37  Pylon  
  19  1:44  Probe  
  20  1:51  Cybernetics Core  
  20  2:00  Probe  
  21  2:05  Assimilator  
  21  2:12  Probe  
  22  2:24  Probe  
  22  2:25  Gateway  
  23  2:38  Pylon  
  22  2:50  Probe  
  23  2:56  Sentry  
  25  3:01  Pylon  
  25  3:02  Probe x2  
  27  3:07  Gateway  
  27  3:11  Gateway  
  27  3:14  Probe x2, Shield Battery  
  27  3:19  Pylon  
  29  3:31  Warp Gate (Chrono Boost)  
  29  3:34  Robotics Facility  
  29  3:36  Twilight Council  
  29  3:43  Pylon  
  29  3:45  Probe x2  
  31  3:50  Adept  
  32  4:05  Adept, Sentry  
  32  4:39  Pylon  
  32  4:42  Warp Prism  
  32  4:45  Charge  
  34  4:50  Probe x2  
  36  5:02  Probe x2  
  36  5:03  Dark Shrine  
  38  5:09  Forge  
  38  5:17  Probe  
  38  5:18  Probe, Observer  
  38  5:20  Pylon  
  41  5:28  Zealot x3  
  43  5:30  Probe  
  48  6:16  Dark Templar x2  
  48  6:17  Dark Templar x2  
  56  7:31  Zealot x4  
Show
View Real Time Build Order
Export as new Build Order

Hundo Protoss - Winner!

Build Orders:  

Get SALT Encoding   

  12  0:01  Probe  
  13  0:13  Probe  
  14  0:18  Pylon  
  14  0:25  Probe  
  15  0:35  Assimilator  
  15  0:37  Probe (Chrono Boost)  
  16  0:47  Probe (Chrono Boost), Gateway  
  17  0:52  Probe (Chrono Boost)  
  18  1:03  Probe  
  19  1:05  Assimilator  
  19  1:08  Pylon  
  19  1:15  Probe  
  20  1:28  Probe  
  21  1:34  Cybernetics Core  
  21  1:38  Zealot  
  23  1:40  Probe  
  24  1:52  Probe  
  25  2:04  Probe  
  26  2:17  Robotics Facility  
  26  2:25  Zealot  
  26  2:27  Probe  
  29  2:34  Pylon  
  29  2:35  Forge  
  29  2:53  Zealot  
  31  2:59  Probe  
  31  3:01  Immortal (Chrono Boost)  
  36  3:06  Protoss Ground Weapons Level 1 (Chrono Boost)  
  36  3:11  Probe  
  37  3:15  Pylon  
  37  3:20  Zealot  
  39  3:30  Immortal (Chrono Boost)  
  43  3:47  Probe  
  44  3:59  Probe  
  45  4:11  Nexus  
  45  4:16  Pylon  
  45  4:19  Immortal (Chrono Boost)  
  45  4:51  Immortal  
  49  4:53  Stargate  
  49  5:06  Probe  
  50  5:10  Protoss Air Armor Level 1  
  50  5:18  Probe  
  51  5:26  Stargate  
  51  5:30  Observer  
  51  5:31  Probe x2  
  51  5:32  Assimilator  
  54  5:36  Assimilator  
  54  5:55  Void Ray (Chrono Boost)  
  54  5:56  Probe  
  54  5:57  Probe  
  56  6:01  Observer  
  61  6:18  Probe  
  61  6:19  Probe  
  61  6:25  Photon Cannon  
  63  6:28  Photon Cannon  
  63  6:30  Probe  
  63  6:31  Probe  
  65  6:32  Photon Cannon  
  65  6:37  Nexus  
  65  6:40  Pylon  
  65  6:43  Probe x2  
  65  6:44  Pylon  
  67  6:55  Probe  
  67  7:00  Void Ray x2 (Chrono Boost)  
  70  7:19  Probe x2  
  72  7:30  Assimilator  
  72  7:31  Probe x2  
  72  7:33  Assimilator  
  72  7:36  Void Ray x2 (Chrono Boost)  
  74  7:43  Probe x2  
  84  7:55  Probe x2  
  86  8:01  Stargate  
  86  8:05  Pylon  
  84  8:07  Probe x2, Pylon  
  84  8:10  Pylon  
Show
View Real Time Build Order
Export as new Build Order

kryshor Protoss 

Build Orders:  

Get SALT Encoding   

  12  0:01  Probe  
  13  0:13  Probe  
  14  0:20  Pylon  
  14  0:25  Probe  
  15  0:33  Assimilator  
  15  0:38  Probe (Chrono Boost)  
  16  0:49  Probe (Chrono Boost)  
  17  0:54  Probe (Chrono Boost)  
  18  1:04  Probe (Chrono Boost)  
  18  1:05  Gateway  
  18  1:09  Assimilator  
  19  1:15  Gateway, Probe (Chrono Boost)  
  20  1:20  Probe (Chrono Boost)  
  21  1:30  Probe  
  22  1:42  Probe  
  23  1:54  Gateway  
  23  1:55  Cybernetics Core  
  23  1:58  Forge  
  23  2:14  Pylon  
  23  2:29  Pylon  
  23  2:32  Probe  
  23  2:34  Adept  
  23  2:35  Adept  
  28  2:51  Adept  
  30  2:52  Protoss Ground Weapons Level 1 (Chrono Boost)  
  30  2:57  Probe  
  31  3:06  Warp Gate  
  31  3:08  Adept  
  31  3:09  Adept, Probe  
  36  3:21  Probe  
  37  3:33  Stalker  
  39  3:41  Pylon  
  39  3:58  Stalker  
  39  3:59  Stalker  
  31  5:14  Nexus  
  31  5:18  Assimilator  
  31  5:20  Probe  
  32  5:23  Assimilator, Stalker  
  32  5:24  Stalker  
  32  5:26  Pylon  
  32  5:28  Pylon  
  36  5:40  Gateway  
  36  5:41  Gateway  
  36  5:44  Gateway  
  36  5:46  Probe (Chrono Boost), Protoss Shields Level 1 (Chrono Boost)  
  36  5:48  Gateway  
  37  5:56  Probe (Chrono Boost)  
  38  6:00  Robotics Facility  
  38  6:01  Probe (Chrono Boost)  
  39  6:04  Twilight Council  
  39  6:12  Probe (Chrono Boost)  
  40  6:19  Zealot x2  
  40  6:22  Pylon  
  40  6:23  Probe (Chrono Boost)  
  45  6:27  Probe (Chrono Boost)  
  45  6:53  Zealot x3  
  45  6:54  Zealot x4  
  30  7:16  Stalker x2  
  30  7:17  Stalker  
  30  7:20  Stalker  
  29  7:52  Zealot  
  29  7:53  Zealot x2  
Show
View Real Time Build Order
Export as new Build Order

ale Terran 

Build Orders: 2 Factory 

Get SALT Encoding   

  12  0:02  SCV  
  14  0:14  SCV  
  14  0:25  Supply Depot  
  14  0:26  SCV  
  15  0:48  Supply Depot  
  15  0:50  Barracks  
  15  0:56  SCV  
  16  1:08  SCV  
  16  1:10  Refinery  
  17  1:11  Supply Depot  
  17  1:20  SCV  
  18  1:33  SCV  
  18  1:36  Refinery  
  19  1:45  SCV, Barracks  
  19  1:47  Marine  
  21  1:57  SCV  
  22  2:07  Marine  
  23  2:09  SCV  
  24  2:21  SCV  
  25  2:25  Marine  
  26  2:33  SCV  
  26  2:34  Factory  
  27  2:45  Marine, SCV  
  27  2:47  Marine  
  30  3:03  Marine  
  30  3:05  Marine  
  32  3:18  Factory  
  32  3:21  Marine  
  32  3:22  Marine  
  34  3:38  Marine  
  34  3:40  Marine  
  36  3:56  Marine  
  36  3:58  Marine  
  38  4:16  Marine  
  28  4:53  Factory Tech Lab  
  28  5:03  Starport  
  28  5:11  Barracks Tech Lab  
  28  5:13  Barracks Reactor  
  28  5:15  Factory Tech Lab  
  28  5:23  Siege Tank  
  31  5:32  Marine  
  32  5:40  Orbital Command  
  32  5:41  Starport  
  32  5:45  Medivac  
  34  5:50  Marine  
  34  5:55  Siege Tank  
  38  6:06  Marine  
  39  6:22  Supply Depot  
  39  6:43  Marine x3, Medivac, Siege Tank  
  41  6:55  Siege Tank  
  41  7:01  Marine x2  
Tags
 
Add a new tag
Caveats
  • Supply blocks, unpowered buildings, or Contaminate may cause inaccurate times.
  • Supply counts are checked every 10 seconds.